 Dungeon Crawl Stone Soup version 0.30-a0-930-gb9d0489357 (webtiles) character file.

Game seed: 3079815222764681052

24855 bearlyready the Bludgeoner (level 12, -33/107 HPs)
             Began as an Armataur Berserker on Mar 23, 2023.
             Was a High Priest of Trog.
             Annihilated by a very large slime creature (39 damage)
             ... on level 13 of the Dungeon on Mar 24, 2023.
             The game lasted 00:25:29 (14553 turns).

bearlyready the Bludgeoner (Armataur Berserker)    Turns: 14553, Time: 00:25:30

Health: -33/107    AC: 21    Str: 29    XL:     12   Next: 84%
Magic:  3/3        EV:  7    Int:  8    God:    Trog [*****.]
Gold:   816        SH:  5    Dex:  6    Spells: 11/11 levels left

rFire   + . .      SeeInvis .    W - +11 great mace of Bodily Harmony {heavy, Str+2 Dex-4 Stlth+}
rCold   . . .      Faith    .    (shield currently unavailable)
rNeg    . . .      Spirit   .    U - +10 chain mail of Ciudgh {-Cast rCorr MP-9 Slay+5}
rPois   .          Reflect  +    a - +0 helmet
rElec   .          Roll     +    B - scarf {repulsion}
rCorr   +          NoCast   +    V - +0 pair of gloves
Will    ++...                    (no barding) Stlth
                                 u - amulet of reflection
HPRegen 1.37/turn                e - ring of protection from fire
MPRegen 0.08/turn                E - ring of flight

@: strong-willed, spiked, on berserk cooldown, flying, regenerating, hasted and
slowed, studying 2 skills, repel missiles
A: large, rugged brown scales 3, deformed body, armoured tail, roll, long
tongue, awkward tongue
a: Renounce Religion, Berserk, Trog's Hand, Brothers in Arms


You were on level 13 of the Dungeon.
You worshipped Trog.
Trog was extremely pleased with you.
You visited 2 branches of the dungeon, and saw 15 of its levels.
You also visited: Ossuary.

You collected 816 gold pieces.

Inventory:

Hand Weapons
 v - a +1 spectral quarterstaff
 G - a +1 flail of holy wrath
 R - the +5 short sword of the Inviting Priest {flame, Int+2}
   (You found it on level 7 of the Dungeon)

   Int:       It affects your intelligence (+2).
 W - the +11 great mace of Bodily Harmony (weapon) {heavy, Str+2 Dex-4 Stlth+}
   (Trog gifted it to you on level 12 of the Dungeon)

   Str:       It affects your strength (+2).
   Dex:       It affects your dexterity (-4).
   Stlth:     It makes you more stealthy.
 X - a +0 morningstar
Missiles
 c - 28 poisoned darts (quivered)
 d - 107 stones
 L - 5 atropa-tipped darts
 Q - a curare-tipped dart
 Z - 3 boomerangs
Armour
 a - a +0 helmet (worn)
 B - a scarf of repulsion (worn)
 K - +0 swamp dragon scales
 U - the +10 chain mail of Ciudgh (worn) {-Cast rCorr MP-9 Slay+5}
   (You found it on level 12 of the Dungeon)

   Slay:      It affects your accuracy & damage with ranged weapons and melee
   (+5).
   MP:        It affects your magic capacity (-9).
   -Cast:     It prevents spellcasting.
   rCorr:     It protects you from acid and corrosion.
 V - a +0 pair of gloves (worn)
Jewellery
 e - a ring of protection from fire (left hand)
 u - an amulet of reflection (around neck)
 x - a ring of protection from fire
 E - a ring of flight (right hand)
Wands
 z - a wand of polymorph (12)
 A - a wand of flame (24)
Scrolls
 b - a scroll of identify
 h - 6 scrolls of immolation
 i - 5 scrolls of teleportation
 j - a scroll of fog {unknown}
 m - 3 scrolls of enchant armour
 n - a scroll of amnesia {unknown}
 q - 2 scrolls of brand weapon
 r - 2 scrolls of enchant weapon
 s - a scroll of magic mapping
 w - 2 scrolls of fear {unknown}
 I - a scroll of blinking {unknown}
 M - 2 scrolls of torment {unknown}
 N - 2 scrolls of noise {unknown}
 O - 2 scrolls of poison {unknown}
 S - a scroll of vulnerability {unknown}
Potions
 f - 7 potions of attraction
 g - 2 potions of curing
 k - 4 potions of mutation
 l - 6 potions of brilliance
 o - 3 potions of degeneration {unknown}
 p - a potion of ambrosia {unknown}
 t - 4 potions of lignification
 C - 4 potions of haste
 D - a potion of invisibility {unknown}
 F - 2 potions of berserk rage {unknown}
 H - 2 potions of flight {unknown}
 J - 3 potions of heal wounds {unknown}
 P - 2 potions of resistance {unknown}
 T - a potion of magic {unknown}


   Skills:
 + Level 7.3 Fighting
 + Level 17.0 Maces & Flails
 - Level 5.0 Throwing
 + Level 5.8 Armour
 - Level 1.3 Dodging
 - Level 5.1 Evocations


You had 11 spell levels left.
You didn't know any spells.
Your spell library was empty.

Dungeon Overview and Level Annotations

Branches:
Dungeon (14/15)            Temple (1/1) D:7            Lair (0/5) D:9
    Orc (0/2) D:10        Ossuary (visited)
 Vaults: D:13-14

Altars:
Elyvilon
Fedhas
Gozag
Makhleb
Okawaru
Qazlal
Wu Jian
Xom
Lugonu

Shops:
D:1 =


Innate Abilities, Weirdness & Mutations

You are completely covered in rugged brown scales. (AC +3, +7% HP)
Armour fits poorly on your strangely shaped body.
You have a long armoured tail.
You roll when moving toward enemies. (Rampage)
Your long tongue fully drains potion bottles. (2x potion effects)
Your tongue gives you trouble enunciating. (1.5x scroll delay)


Message History

You slurp down every last drop of the potion of haste!
A titanic slime creature splits.
The centaur unwields a +0 shortbow.
The centaur hits you but does no damage.
The centaur kicks you but does no damage.
The manticore bites you!
* * * LOW HITPOINT WARNING * * *
The manticore claws you but does no damage.
The manticore closely misses you. The manticore attacks as you move away!
The manticore bites you but does no damage.
The manticore closely misses you.
The manticore claws you but does no damage.
The centaur wields a +0 shortbow.
The centaur shoots an arrow.
The arrow hits you.
* * * LOW HITPOINT WARNING * * *
A very large slime creature splits.
The centaur shoots an arrow.
The arrow hits you.
* * * LOW HITPOINT WARNING * * *
The manticore flicks its tail.
The volley of spikes hits you!
The barbed spikes become lodged in your body.
* * * LOW HITPOINT WARNING * * *
The barbs in your skin will harm you if you move.
Continue?
Okay, then.
You feel better.
You slurp down every last drop of the potion of curing!
Okay, then.
Your skin crawls.
You feel strong-willed. The manticore bites you!
* * * LOW HITPOINT WARNING * * *
The manticore closely misses you. The manticore claws you!
* * * LOW HITPOINT WARNING * * *
Two slime creatures merge to form a very large slime creature.
Your ogre goes berserk!
A large slime creature splits.
The manticore bites you but does no damage.
You block the manticore's attack. The manticore completely misses you.
The very large slime creature hits you!!!
You die...

,,,,,,,,,.........R.....*,,,,,,,*
...,...........#..#.##..,,,,<,,**
....#.........##..#...,*,,,*,,**
....#.........###....##*,***,***
..........$....#,.....,****,,,,*
.......##..##..##...#,,#**,,,***
.......#........#...#..#*,,,**
......).......O........#**,**
.#....†.....).cH@......#*,,*
##....)#.......J#.......*,**
...>..##...>..JJ###.....,,*
.....##....))....#...##.,**
.....##...............#***
...)..##...)....#.......***
.......##..##..##.####,.,,***
....#..............##**,.,,,*
..#.#...............#*,..,***


You could see a very large slime creature, 2 slime creatures, a manticore (ally
target), a centaur and a friendly ogre (summoned, berserk).

Vanquished Creatures
  5 centaur warriors
  3 two-headed ogres
  A tengu warrior (D:13)
  A skeletal warrior (D:14)
  An ugly thing (D:12)
  2 cyclopes
  Maurice (D:10)
  A gargoyle (D:12)
  Maggie (D:6)
  An efreet (D:13)
  2 yaktaurs
  Grinder (D:5)
  4 trolls
  4 hornets
  4 slime creatures (D:13)
  2 shadows
  2 wraiths
  2 wyverns
  13 yaks
  Grum (D:8)
  4 vampire mosquitoes
  A steam dragon (D:7)
  Edmund (D:4)
  2 acid dragons (D:11)
  2 water moccasins
  A black bear (D:7)
  11 orc warriors
  An ice beast (D:6)
  2 wolves (D:8)
  12 centaurs
  3 phantoms
  A kobold brigand (D:7)
  3 scorpions
  A bullfrog (D:8)
  6 wights
  27 killer bees
  An electric eel (D:10)
  4 howler monkeys
  2 human zombies (Ossuary)
  3 hounds
  10 orc priests
  3 centaur zombies (Ossuary)
  2 sleepcaps
  Ijyb (D:3)
  Natasha (thrice) (D:2)
  Terence (D:2)
  18 orc wizards
  2 iguanas
  2 mummies (Ossuary)
  4 gnolls (D:4)
  11 adders
  A white imp (D:7)
  3 adder zombies (Ossuary)
  2 worms (D:3)
  4 dart slugs
  45 orcs
  11 ball pythons
  7 endoplasms
  3 giant cockroaches
  3 goblins
  6 hobgoblins
  6 jackals
  5 quokkas
  7 bats
  5 frilled lizards
  10 hobgoblin zombies (Ossuary)
  A jackal zombie (Ossuary)
  3 kobolds
  5 kobold zombies (Ossuary)
  11 orc zombies (Ossuary)
  4 rats
  A rat zombie (Ossuary)
340 creatures vanquished.

Vanquished Creatures (collateral kills)
  A boulder beetle (D:12)
  3 skeletal warriors (D:14)
  A freezing wraith (D:14)
  4 slime creatures (D:14)
  2 orc warriors (D:10)
  A kobold brigand (D:10)
  3 killer bees (D:10)
  2 orc priests (D:10)
  2 orc wizards (D:10)
  3 orcs (D:10)
  7 kobolds (D:10)
29 creatures vanquished.

Vanquished Creatures (others)
  A slime creature (D:13)
  2 howler monkeys (D:13)
  3 fungi (D:9)
  6 plants (D:9)
12 creatures vanquished.

Grand Total: 381 creatures vanquished

Notes
Turn   | Place    | Note
-------+----------+-------------------------------------------
     0 | D:1      | bearlyready the Armataur Berserker began the quest for the
                  | Orb.
     0 | D:1      | Reached XP level 1. HP: 19/19 MP: 1/1
    40 | D:1      | Reached skill level 3 in Maces & Flails
    66 | D:1      | Found Hughorr's Jewellery Shoppe.
   144 | D:1      | Reached XP level 2. HP: 25/26 MP: 2/2
   650 | D:2      | Noticed Terence
   656 | D:2      | Killed Terence
   657 | D:2      | Reached skill level 4 in Maces & Flails
   657 | D:2      | Reached XP level 3. HP: 18/32 MP: 3/3
   852 | D:2      | Found a faded altar of an unknown god.
   965 | D:2      | Noticed Natasha
   983 | D:2      | Killed Natasha
   984 | D:2      | Reached XP level 4. HP: 39/39 MP: 4/4
  1059 | D:2      | Noticed Natasha
  1244 | D:2      | Killed Natasha
  1245 | D:2      | Reached skill level 5 in Maces & Flails
  1481 | D:2      | Reached ** piety under Trog
  1493 | D:2      | Reached XP level 5. HP: 44/44 MP: 5/5
  1681 | D:2      | Noticed Natasha
  1685 | D:2      | Killed Natasha
  1971 | D:3      | Noticed Ijyb
  1988 | D:3      | Killed Ijyb
  2113 | D:3      | Reached skill level 6 in Maces & Flails
  2562 | D:4      | Noticed Edmund
  2631 | D:4      | Reached XP level 6. HP: 24/53 MP: 6/6
  2797 | D:4      | Reached *** piety under Trog
  2966 | D:4      | Killed Edmund
  2967 | D:4      | Reached skill level 7 in Maces & Flails
  3512 | D:5      | Entered Level 5 of the Dungeon
  3646 | D:5      | Reached XP level 7. HP: 59/59 MP: 7/7
  3745 | D:5      | Noticed Grinder
  3745 | D:5      | Paralysed by Grinder for 3 turns
  3754 | D:5      | Killed Grinder
  3755 | D:5      | Reached skill level 8 in Maces & Flails
  4178 | D:6      | Reached skill level 9 in Maces & Flails
  4178 | D:6      | Reached XP level 8. HP: 66/66 MP: 8/8
  4285 | D:6      | Noticed Maggie
  4299 | D:6      | Killed Maggie
  4374 | D:6      | Noticed a hornet
  4380 | D:6      | Paralysed by a hornet for 3 turns
  4383 | D:6      | Killed a hornet
  4835 | D:6      | Reached skill level 10 in Maces & Flails
  4909 | D:6      | Found a sand-covered staircase.
  4927 | Ossuary  | Entered an ossuary
  4943 | Ossuary  | Reached **** piety under Trog
  5345 | D:6      | Reached XP level 9. HP: 70/72 MP: 9/9
  5475 | D:6      | Noticed a two-headed ogre
  5490 | D:6      | a two-headed ogre changed into a yaktaur
  5490 | D:6      | Noticed a yaktaur
  5497 | D:6      | Killed a yaktaur
  5498 | D:6      | Reached skill level 5 in Evocations
  6026 | D:7      | Found a staircase to the Ecumenical Temple.
  6036 | D:7      | Reached skill level 11 in Maces & Flails
  6057 | D:7      | Paralysed by a hornet for 1 turns
  6063 | D:7      | Paralysed by a hornet for 3 turns
  6320 | D:7      | Identified the +5 short sword of the Inviting Priest
                  | {flame, Int+2}
  6530 | D:7      | Reached skill level 12 in Maces & Flails
  6591 | D:7      | Reached ***** piety under Trog
  6820 | D:8      | Reached skill level 1 in Throwing
  6858 | D:7      | Reached XP level 10. HP: 18/82 MP: 10/10
  7099 | Temple   | Entered the Ecumenical Temple
  7289 | D:8      | Noticed Grum
  7301 | D:8      | Killed Grum
  8295 | D:9      | Noticed a centaur warrior
  8297 | D:10     | Entered Level 10 of the Dungeon
  8297 | D:10     | Noticed Maurice
  8302 | D:10     | Killed Maurice
  8361 | D:10     | Reached skill level 5 in Fighting
  8648 | D:10     | You are sucked into a shaft and drop 3 floors!
  8664 | D:13     | Noticed a centaur warrior
  8792 | D:12     | Noticed a gargoyle
  8803 | D:12     | Killed a gargoyle
  8945 | D:12     | Identified the +1 scale mail of the Miller {Harm rPois
                  | Int+5}
  8971 | D:12     | Noticed a two-headed ogre
  8979 | D:12     | Killed a two-headed ogre
  8980 | D:12     | Reached skill level 13 in Maces & Flails
  8984 | D:12     | HP: 4/88 [yak (8)]
  8985 | D:12     | Identified the +11 great mace of Bodily Harmony {heavy,
                  | Str+2 Dex-4 Stlth+} (Trog gifted it to you on level 12 of
                  | the Dungeon)
  8985 | D:12     | Received a gift from Trog
  9253 | D:12     | Reached skill level 5 in Throwing
  9253 | D:12     | Reached XP level 11. HP: 95/95 MP: 11/11
  9341 | D:12     | Noticed a purple ugly thing
  9348 | D:12     | Killed a purple ugly thing
  9627 | D:11     | Noticed a centaur warrior
  9632 | D:11     | Killed a centaur warrior
  9881 | D:11     | Identified the +6 dagger of Circularity {freeze, rC+ Str+4
                  | Int-4}
 10507 | D:10     | Reached skill level 14 in Maces & Flails
 11198 | D:10     | Found a staircase to the Orcish Mines.
 11713 | D:9      | Found an iron altar of Okawaru.
 11730 | D:9      | Killed a centaur warrior
 11731 | D:9      | Reached skill level 15 in Maces & Flails
 12236 | D:9      | Found a staircase to the Lair.
 13013 | D:12     | Noticed a two-headed ogre
 13016 | D:12     | Killed a two-headed ogre
 13111 | D:12     | Found a corrupted altar of Lugonu.
 13111 | D:12     | Noticed a boulder beetle
 13121 | D:12     | HP: 4/95 [something (2)]
 13122 | D:12     | HP: 1/95 [something (1)]
 13127 | D:12     | Killed a boulder beetle
 13128 | D:12     | Reached XP level 12. HP: 23/102 MP: 12/12
 13139 | D:12     | Identified the +10 chain mail of Ciudgh {-Cast rCorr MP-9
                  | Slay+5}
 13555 | D:13     | Noticed a centaur warrior
 13617 | D:12     | Killed a centaur warrior
 13618 | D:12     | Reached skill level 16 in Maces & Flails
 13739 | D:13     | Noticed a centaur warrior
 13741 | D:13     | Noticed a two-headed ogre
 13743 | D:13     | Killed a centaur warrior
 13746 | D:13     | Killed a two-headed ogre
 13805 | D:13     | Noticed a tengu warrior
 13834 | D:13     | Killed a tengu warrior
 13912 | D:13     | Identified the +1 robe of the Evening Star {Int+4}
 14502 | D:14     | Found a blossoming altar of Fedhas.
 14525 | D:13     | Reached skill level 5 in Armour
 14542 | D:13     | Reached skill level 17 in Maces & Flails
 14543 | D:13     | Killed a centaur warrior
 14552 | D:13     | HP: 5/107 [manticore (9)]
 14553 | D:13     | Annihilated by a very large slime creature

Illustrated notes

Levels and vault maps discovered:
D:1:      nicolae_arrival_washed_ashore, layout_basic, serial_shops, shop
D:2:      layout_basic, shapermc_ecumenical_altar_mp_vishouse,
          minmay_misc_feat_tiny, uniq_terence, uniq_natasha
D:3:      layout_loops_cross, grunt_decor_cap, uniq_ijyb
D:4:      layout_loops_ring, uniq_edmund
D:5:      layout_gridville, serial_glass, glass_columns_a, glass_columns_b,
          skrybe_limestone_x, uniq_grinder
D:6:      layout_basic, chequers_ossuary_entry_cave, minmay_manual_macuahuitl,
          uniq_maggie
D:7:      wad_crossroads, layout_basic, minmay_temple_entry_overgrown
D:8:      layout_loops_ring, uniq_grum
D:9:      layout_loops_ring, mainiacjoe_overflow_paths, dpeg_oklobed_lair
D:10:     layout_cave_pools, erik_orc_2, uniq_maurice
D:11:     layout_rooms
D:12:     layout_roguey, tgw_lugonu_bribe
D:13:     layout_cave_pools, hangedman_vaults_entry_quadrant_bands, st_stairs_5
D:14:     layout_gridville, fedhas_altar_2, uniq_azrael
Temple:   compressed_dpeg_triangle_lava_temple

Skill      XL: |  1  2  3  4  5  6  7  8  9 10 11 12 |
---------------+-------------------------------------+-----
Maces & Flails | 3 4 5 6 7 9 10 12 13 15 17 | 17.0
Evocations     | 4 5 |  5.1
Fighting       | 3 5 6 7 |  7.3
Throwing       | 1 5 |  5.0
Armour         | 5 |  5.8
Dodging        | |  1.3

Action                     |  1- 3 |  4- 6 |  7- 9 | 10-12 || total
---------------------------+-------+-------+-------+-------++-------
  Melee: Mace              |    59 |    30 |       |       ||    89
         Tailslap          |     4 |    11 |    30 |    37 ||    82
         Punch             |     1 |       |       |       ||     1
         Quarterstaff      |       |   143 |   280 |   128 ||   551
         Great mace        |       |       |       |   265 ||   265
  Throw: Dart              |     2 |     3 |     7 |    12 ||    24
         Throwing net      |       |       |       |     2 ||     2
 Invoke: Berserk           |     1 |     3 |     3 |     4 ||    11
         Brothers in Arms  |       |       |       |     6 ||     6
         Trog's Hand       |       |       |       |     1 ||     1
  Evoke: Wand              |       |       |    16 |    19 ||    35
    Use: Potion            |       |     1 |     2 |     7 ||    10
         Scroll            |       |       |     7 |     4 ||    11
   Stab: Distracted        |       |       |       |     1 ||     1
 Armour: Animal skin       |    20 |       |       |       ||    20
         Scale mail        |       |    93 |     8 |       ||   101
         Swamp dragon scal |       |       |    69 |   160 ||   229
         Skin              |       |       |    15 |    29 ||    44
         Chain mail        |       |       |       |    94 ||    94
  Dodge: Dodged            |    22 |    85 |   115 |   193 ||   415
         Repelled          |       |       |     1 |     7 ||     8
  Block: Other             |       |    25 |    77 |   126 ||   228
         Reflection        |       |     1 |       |    10 ||    11

Table legend: (Time is in decaauts)
 A = Elapsed time spent in this place.
 B = Non-inter-level travel time spent in this place.
 C = Inter-level travel time spent in this place.
 D = Time resting spent in this place.
 E = Time spent auto-exploring this place.
 F = Levels seen in this place.
 G = Mean time per level.
                   A        B        C        D        E       F      G
               +--------+--------+--------+--------+--------+-----+--------+
         Total |  14753 |  14240 |    513 |   1767 |  10053 |  16 |  922.1 |
       Dungeon |  14450 |  13937 |    513 |   1767 |   9884 |  14 | 1032.1 |
        Temple |      1 |      1 |      0 |      0 |      0 |   1 |    1.0 |
       Ossuary |    301 |    301 |      0 |      0 |    169 |   1 |  301.0 |
               +--------+--------+--------+--------+--------+-----+--------+

Top non-repeatable levels by time:
    D:12: 1612 daAuts
     D:9: 1474 daAuts
     D:6: 1392 daAuts
    D:10: 1270 daAuts
     D:7: 1256 daAuts
     D:8: 1206 daAuts
    D:11: 1151 daAuts
     D:2: 1008 daAuts
     D:4: 993 daAuts
     D:3: 810 daAuts
     D:1: 755 daAuts
     D:5: 644 daAuts
    D:14: 594 daAuts
 Ossuary: 301 daAuts
    D:13: 278 daAuts
